 Dungeon Crawl Stone Soup version 0.22-a0-281-g2e20325899 (webtiles) character file.

803 Manul the Covert (level 7, -3/46 HPs)
             Began as an Octopode Assassin on Mar 17, 2018.
             Was an Initiate of Gozag.
             Slain by a two-headed ogre
             ... wielding a +0 giant club
              (26 damage)
             ... on level 8 of the Dungeon.
             The game lasted 00:06:34 (5540 turns).

Manul the Covert (Octopode Assassin)                Turns: 5540, Time: 00:06:35

Health: -3/46      AC:  1    Str: 11      XL:     7   Next: 91%
Magic:  7/7        EV: 13    Int: 12 (13) God:    Gozag
Gold:   300        SH:  0    Dex: 14 (15) Spells: 3/6 levels left

rFire    . . .     SeeInvis +   z - +6 dire flail (venom)
rCold    . . .     Gourm    .   (shield currently unavailable)
rNeg     . . .     Faith    .   (helmet restricted)
rPois    .         Spirit   .   h - amulet of magic regeneration
rElec    .         Reflect  .   s - ring of see invisible
rCorr    .         Harm     .   (no ring)
MR       .....                  (no ring)
Stlth    +++++.....             (no ring)
HPRegen  0.15/turn              (no ring)
MPRegen  0.35/turn              (no ring)
                                (no ring)
                                (no ring)

@: about to teleport
A: almost no armour, stealthy swim, amphibious, 8 rings, constrict 8, camouflage
1, gelatinous body 1
a: Potion Petition, Call Merchant, Bribe Branch, Renounce Religion


You were on level 8 of the Dungeon.
You worshipped Gozag.
Gozag was aware of your devotion.
You were not hungry.

You visited 1 branch of the dungeon, and saw 7 of its levels.

You collected 414 gold pieces.
You paid 114 gold pieces to Gozag.

Inventory:

Hand Weapons
 a - a +2 dagger
 b - a +0 blowgun
 g - a +0 short sword of distortion
 j - a +4 dagger
 z - a +6 dire flail of venom (weapon)
Missiles
 c - 8 poisoned needles
 d - 2 curare-tipped needles
Armour
 m - a +0 large shield
Jewellery
 h - an amulet of magic regeneration (around mantle)
 s - a ring of see invisible (left tentacle)
Wands
 t - a wand of digging (12)
 v - a wand of paralysis (34)
Scrolls
 p - 5 scrolls of identify
 q - 2 scrolls of remove curse
 u - 3 scrolls of blinking {unknown}
 w - a scroll of random uselessness {unknown}
 x - a scroll of amnesia
 y - a scroll of noise {unknown}
Potions
 e - 2 potions of degeneration
 i - 2 potions of flight
 k - a potion of brilliance
 l - a potion of curing {unknown}
 n - a potion of lignification
 r - a potion of haste {unknown}
 A - a potion of heal wounds {unknown}
Comestibles
 f - 7 rations


   Skills:
 + Level 3.3 Fighting
 - Level 4.2 Short Blades
 - Level 2.0 Throwing
 + Level 2.2 Dodging
 + Level 10.1 Stealth
 - Level 2.4 Shields
 + Level 0.1 Spellcasting
 + Level 0.1 Hexes
 + Level 0.2 Ice Magic


You had 3 spell levels left.
You knew the following spells:

 Your Spells              Type           Power        Failure   Level  Hunger
a - Corona                Hex            #......      32%         1    ##.....
b - Ensorcelled Hibernat  Hex/Ice        #.....       43%         2    ###....


Dungeon Overview and Level Annotations

Branches:
Dungeon (6/15)             Temple (0/1) D:5

Altars:
Gozag
Yredelemnul

Shops:
D:4 }

Annotations:
D:3 FollowTheCloud's ghost, novice DrTm
D:4 dricus's ghost, novice GnTm
D:5 brujo666's ghost, novice MiHu


Innate Abilities, Weirdness & Mutations

You cannot wear most types of armour.
You are very stealthy in the water. (Stealth+)
You are amphibious.
You can wear up to eight rings at the same time.
You can use your tentacles to constrict eight enemies at once.
Your skin changes colour to match your surroundings (Stealth+).
Your rubbery body absorbs attacks. (AC +1, EV +1)


Message History

A two-headed ogre comes into view. It is wielding two giant clubs.
A two-headed ogre is nearby!
A two-headed ogre is nearby!
The two-headed ogre misses you.
The two-headed ogre hits you with a giant club!!
Ouch! That really hurt!
You are too injured to fight recklessly!
You are too injured to fight recklessly!
You are too injured to fight recklessly!
Evoke which item? (* to show all) (? for menu, Esc to quit)
Aiming: Paralyse
Press: ? - help, Shift-Dir - straight line, f - two-headed ogre
Aim: a two-headed ogre, wielding two giant clubs (chance to defeat MR: 28%)
Okay, then.
As you read the scroll of teleportation, it crumbles to dust.
You feel strangely unstable.
The two-headed ogre hits you with a giant club!!
Ouch! That really hurt!
You die...
Your body crumbles into a pile of gold.

#.# #.# #.#
#.# #.# #.#
#.#
.########.#
......O@..#
.##########


You could see a two-headed ogre.

Vanquished Creatures
  Edmund (D:5)
  A sky beast (D:5)
  An ogre (D:4)
  2 scorpions (D:5)
  3 howler monkeys
  A hound (D:3)
  An orc wizard (D:8)
  7 gnolls (D:4)
  9 adders
  An ooze (D:3)
  An adder skeleton (D:4)
  4 worms
  A dart slug (D:2)
  10 orcs
  A ball python (D:3)
  8 bats
  6 giant cockroaches
  8 goblins
  9 hobgoblins
  3 frilled lizards
  A kobold (D:3)
  7 rats
86 creatures vanquished.

Notes
Turn   | Place    | Note
-------+----------+-------------------------------------------
     0 | D:1      | Manul the Octopode Assassin began the quest for the Orb.
     0 | D:1      | Reached XP level 1. HP: 14/14 MP: 1/1
   346 | D:1      | Reached XP level 2. HP: 19/19 MP: 2/2
   619 | D:1      | Reached skill level 6 in Stealth
  1192 | D:2      | Reached XP level 3. HP: 25/25 MP: 3/3
  1353 | D:2      | Reached skill level 7 in Stealth
  1353 | D:2      | Reached skill level 1 in Shields
  1353 | D:2      | Reached XP level 4. HP: 30/30 MP: 4/4
  2260 | D:3      | Reached XP level 5. HP: 35/35 MP: 5/5
  2296 | D:3      | Found a basalt altar of Yredelemnul.
  2552 | D:3      | Reached skill level 8 in Stealth
  2625 | D:3      | Noticed FollowTheCloud's ghost (novice DrTm)
  2632 | D:4      | Learned a level 1 spell: Corona
  2635 | D:4      | Learned a level 2 spell: Ensorcelled Hibernation
  2682 | D:4      | Noticed an ogre
  2686 | D:4      | Noticed dricus's ghost (novice GnTm)
  2691 | D:4      | Killed an ogre
  2691 | D:4      | Reached XP level 6. HP: 22/41 MP: 6/6
  4375 | D:4      | Found Xenadif's Gadget Shoppe.
  4540 | D:5      | Entered Level 5 of the Dungeon
  4540 | D:5      | Noticed brujo666's ghost (novice MiHu)
  4800 | D:5      | Noticed a sky beast
  4802 | D:5      | Killed a sky beast
  4802 | D:5      | Reached skill level 9 in Stealth
  4802 | D:5      | Reached XP level 7. HP: 45/45 MP: 7/7
  4832 | D:5      | Found an opulent altar of Gozag.
  4843 | D:5      | Became a worshipper of Gozag Ym Sagoz the Greedy
  5087 | D:5      | Found a staircase to the Ecumenical Temple.
  5462 | D:5      | Noticed Edmund
  5464 | D:5      | Killed Edmund
  5491 | D:5      | You fall through a shaft for 3 floors!
  5498 | D:8      | Reached skill level 10 in Stealth
  5537 | D:8      | Noticed a two-headed ogre
  5540 | D:8      | Slain by a two-headed ogre

Vault maps used:
D:1:      mushboom_english_gardens, minmay_misc_feat_enclosed,
          serial_bayou_pond_e, hangedman_decor_growths
D:3:      first_ration, yredelemnul_altar_generic
D:4:      serial_shops, shop_coins
D:5:      grunt_gozag_statues, minmay_temple_entry_butterflies, uniq_edmund,
          uniq_ijyb
D:6:      grunt_temple_overflow_lords_of_destruction, lemuel_round_altar,
          serial_shops, nicolae_shop_stone, grunt_ministairs_9
D:8:      serial_shops, shop

Skill      XL: |  1  2  3  4  5  6  7 |
---------------+----------------------+-----
Stealth        | 6 7 8 9 10 | 10.1
Shields        | 1 2 |  2.4
Short Blades   | 3 4 |  4.2
Dodging        | 2 |  2.2
Fighting       | 3 |  3.3
Throwing       | |  2.0
Spellcasting   | |  0.1
Hexes          | |  0.1
Ice Magic      | |  0.2

Action                   |  1- 3 |  4- 6 |  7- 9 || total
-------------------------+-------+-------+-------++-------
Melee: Dagger            |    39 |   105 |    14 ||   158
       Constrict         |     6 |    19 |     2 ||    27
       Tentacles         |     2 |    11 |     4 ||    17
       Dire flail        |       |       |     5 ||     5
 Cast: Ensorcelled Hiber |       |     1 |       ||     1
Evoke: Wand              |       |     1 |       ||     1
  Use: Scroll            |     1 |     3 |     1 ||     5
       Potion            |       |     5 |       ||     5
 Stab: Sleeping          |    16 |     9 |    10 ||    35
       Distracted        |       |     4 |     1 ||     5
       Paralysed         |       |     1 |       ||     1
  Eat: Chunk             |     1 |     7 |     1 ||     9
       Ration            |       |     1 |     1 ||     2
Armor: Skin              |     4 |     7 |     1 ||    12
Dodge: Dodged            |    13 |    62 |     9 ||    84

Table legend:
 A = Spawn XP
 B = Non-spawn XP
 C = Spawn XP percentage of total XP
 D = Spawn monster count
 E = Non-spawn monster count
 F = Spawn count percentage of total count
 G = Total turns spent on level
                    A         B        C        D         E        F      G
               +---------+---------+-------+---------+---------+-------+---------
         Total |       0 |    1148 |   0.0 |       0 |      86 |   0.0 |  5540
               +---------+---------+-------+---------+---------+-------+---------
           D:1 |       0 |      32 |   0.0 |       0 |      19 |   0.0 |  1181
           D:2 |       0 |     129 |   0.0 |       0 |      20 |   0.0 |  1218
           D:3 |       0 |     109 |   0.0 |       0 |      20 |   0.0 |  1405
           D:4 |       0 |     270 |   0.0 |       0 |      14 |   0.0 |  1115
           D:5 |       0 |     562 |   0.0 |       0 |       9 |   0.0 |   495
           D:8 |       0 |      46 |   0.0 |       0 |       4 |   0.0 |    49
               +---------+---------+-------+---------+---------+-------+---------
